 Dungeon Crawl Stone Soup version 0.21.1-1-g345015f (webtiles) character file.

30 shakethe the Chopper (level 3, 20/28 HPs)
             Began as a Demonspawn Gladiator on Feb 25, 2018.
             Quit the game on level 2 of the Dungeon.
             The game lasted 00:01:07 (845 turns).

shakethe the Chopper (Demonspawn Gladiator)          Turns: 845, Time: 00:01:07

Health: 20/28      AC:  4    Str: 14    XL:     3   Next: 5%
Magic:  3/3        EV: 13    Int: 10    God:
Gold:   43         SH:  0    Dex: 14    Spells: 2/2 levels left

rFire    . . .     SeeInvis .   a - +0 war axe
rCold    . . .     Gourm    .   (no shield)
rNeg     . . .     Faith    .   b - +0 leather armour
rPois    .         Spirit   .   c - +0 helmet
rElec    .         Reflect  .   (no cloak)
rCorr    +         Harm     .   (no gloves)
MR       .....                  (no boots)
Stlth    +.........             (no amulet)
HPRegen  0.09/turn              o - ring of resist corrosion
MPRegen  0.08/turn              (no ring)

@: no status effects
A: claws 1, demonic guardian 1
a: no special abilities


You were on level 2 of the Dungeon.
You were not hungry.

You visited 1 branch of the dungeon, and saw 2 of its levels.

You collected 43 gold pieces.

Inventory:

Hand Weapons
 a - a +0 war axe (weapon)
Missiles
 d - 3 throwing nets {=f, !d}
 i - 5 javelins of returning (quivered)
Armour
 b - a +0 leather armour (worn)
 c - a +0 helmet (worn)
Jewellery
 o - a ring of resist corrosion (left claw)
   (You found it on level 1 of the Dungeon)
Scrolls
 e - a scroll of enchant weapon {unknown}
 g - a scroll of amnesia {unknown}
 h - a scroll of teleportation {unknown}
 l - a scroll of fear {unknown}
 m - a scroll of immolation {unknown}
 n - a scroll of remove curse {unknown}
 p - a scroll of magic mapping {unknown}
Potions
 j - a potion of ambrosia {unknown}
 k - a potion of flight {unknown}
Comestibles
 f - 3 rations


   Skills:
 + Level 2.5 Fighting
 * Level 3.4 Axes
 - Level 1.7 Throwing
 - Level 2.9 Dodging


You had 2 spell levels left.
You didn't know any spells.

Dungeon Overview and Level Annotations

Branches:
Dungeon (2/15)

Altars:


Innate Abilities, Weirdness & Mutations

You have sharp fingernails.
A weak demonic guardian rushes to your aid.


Message History

No target in view!
Done exploring.
Done exploring.
(D) Dungeon
Where to? (? - help)
There is an open door here.
There is a stone staircase leading down here.
You climb downwards.
A goblin and a hobgoblin come into view.
The hobgoblin shouts!
You hear an angry hiss.
There is a stone staircase leading up here.
o - a ring of resist corrosion (left hand)
The goblin shouts!
You hear an angry hiss.
You hear a shout!
An adder comes into view.
You barely miss the goblin. The goblin hits you but does no damage.
You closely miss the goblin. The goblin misses you.
The goblin barely misses you.
A goblin comes into view.
You barely miss the goblin. The goblin closely misses you.
The adder completely misses you.
You barely miss the adder. You closely miss the goblin.
You closely miss the hobgoblin. The adder bites you.
You are poisoned.
The adder poisons you!
The hobgoblin hits you but does no damage.
The goblin closely misses you. The adder bites you but does no damage.
You take 1 damage, and have 21/22 hp.
You feel sick.
The goblin unwields an uncursed dagger.
The goblin wields a hunting sling.
The goblin shoots a stone.
The stone closely misses you.
There is a stone staircase leading up here.
You take 1 damage, and have 20/22 hp.
The hobgoblin hits you with a club. The adder bites you but does no damage.
You climb upwards.
There is a stone staircase leading down here.
You take 1 damage, and have 19/22 hp.
You feel sick. The adder closely misses you.
You take 1 damage, and have 18/22 hp.
You closely miss the adder. The adder barely misses you. x2
You hit the adder.
You feel sick. The adder closely misses you. x2
You take 1 damage, and have 17/22 hp.
You closely miss the adder. The adder bites you.
You take 3 damage, and have 14/22 hp.
You completely miss the adder. The adder misses you.
The adder bites you but does no damage.
You slash the adder!
You kill the adder!
You feel sick.
You are no longer poisoned.
You barely miss the hobgoblin.
The hobgoblin hits you but does no damage.
You slash the hobgoblin!
You kill the hobgoblin!
Things that are here:
a club; a hobgoblin corpse
There is a stone staircase leading down here.
You start resting.
Health restored: 23
There is a stone staircase leading down here.
You climb downwards.
The goblin hits you.
The goblin shoots a stone.
The stone barely misses you. The goblin hits you but does no damage.
The goblin shoots a stone.
The stone misses you.
There is a stone staircase leading up here.
You see here 2 stones.
You take 1 damage, and have 22/23 hp.
You closely miss the goblin. The goblin barely misses you.
The goblin shoots a stone.
The stone hits you but does no damage.
You closely miss the goblin. The goblin closely misses you.
The goblin shoots a stone.
The stone closely misses you. The goblin barely misses you.
You closely miss the goblin.
The goblin shoots a stone.
The stone closely misses you. The goblin closely misses you.
You hit the goblin.
The goblin shoots a stone.
The stone barely misses you. The goblin misses you.
You barely miss the goblin.
The goblin shoots a stone.
The stone hits you. The goblin hits you but does no damage.
The goblin shoots a stone.
The stone misses you. The goblin barely misses you.
You take 3 damage, and have 19/23 hp.
You hit the goblin.
You kill the goblin!
You have reached level 3!
Your experience leads to an increase in your attributes!
Increase (S)trength, (I)ntelligence, or (D)exterity?
You feel clever.
You feel monstrous as your demonic heritage exerts itself.
Your demonic ancestry asserts itself...
Your fingernails lengthen.
The goblin shoots a stone.
The stone hits you but does no damage.
You regained 5 hp, and now have 24/28 hp.
MP restored: 3 A goblin is nearby!
The goblin shoots a stone.
The stone hits you.
You take 4 damage, and have 20/28 hp.
The goblin unwields an uncursed hunting sling.
The goblin wields an uncursed dagger.
The goblin hits you but does no damage.
You slash the goblin!
You kill the goblin!
A goblin comes into view. It is wielding a club.
A bat comes into view.
Unknown command.

. .### .... #%.#
#..# #g.# # #..#
.#
.#######@.##.#
.............##.
###..).....b...
......##.†####..
##.#.. #.<# . .
##............
##....#(##.##
#.##.##.# #.#
#.# #


You could see a goblin and a bat.

Vanquished Creatures
  An adder (D:1)
  A dart slug (D:1)
  A bat (D:1)
  2 giant cockroaches (D:1)
  3 goblins
  2 hobgoblins (D:1)
  3 frilled lizards (D:1)
  3 kobolds (D:1)
  4 rats (D:1)
20 creatures vanquished.

Notes
Turn   | Place    | Note
-------+----------+-------------------------------------------
     0 | D:1      | shakethe the Demonspawn Gladiator began the quest for the Orb.
     0 | D:1      | Reached XP level 1. HP: 16/16 MP: 1/1
   133 | D:1      | Reached skill level 3 in Axes
   137 | D:1      | Gained mutation: A weak demonic guardian rushes to your aid. [demonic ancestry]
   137 | D:1      | Reached XP level 2. HP: 22/22 MP: 2/2
   839 | D:2      | Gained mutation: You have sharp fingernails. [demonic ancestry]
   839 | D:2      | Reached XP level 3. HP: 24/28 MP: 3/3
   845 | D:2      | Quit the game

Skill      XL: |  1 |
---------------+----+-----
Axes           | 3 |  3.4
Fighting       | |  2.5
Throwing       | |  1.7
Dodging        | |  2.9

Action                   || total
-------------------------++-------
Melee: War axe           ||    51
Armor: Leather armour    ||    21
Dodge: Dodged            ||    41

Vault maps used:
D:1:      minmay_arrival_shattered_statue

Table legend:
 A = Turns spent in this place as a percentage of turns spent in the entire game.
 B = Non-inter-level travel turns spent in this place as a percentage of non-inter-level travel turns spent in the entire game.
 C = Inter-level travel turns spent in this place as a percentage of turns spent in this place.
 D = Turns resting spent in this place as a percentage of non-inter-level travel turns spent in this place.
 E = Turns spent auto-exploring this place as a percentage of non-inter-level travel turns spent in this place.
 F = Non-inter-level travel turns spent in this place divided by the number of levels of this place that you've seen.
                   A       B       C       D       E      F
               +-------+-------+-------+-------+-------+----------------------
         Total | 100.0 | 100.0 |   4.0 |  14.4 |  69.3 | 405.5
       Dungeon | 100.0 | 100.0 |   4.0 |  14.4 |  69.3 | 405.5
               +-------+-------+-------+-------+-------+----------------------

Table legend:
 A = Kills in this place as a percentage of kills in entire the game.
 B = Kills by you in this place as a percentage of kills by you in the entire game.
 C = Kills by friends in this place as a percentage of kills by friends in the entire game.
 D = Other kills in this place as a percentage of other kills in the entire game.
 E = Experience gained in this place as a percentage of experience gained in the entire game.
 F = Experience gained in this place divided by the number of levels of this place that you have seen.
                   A       B       C       D       E      F
               +-------+-------+-------+-------+-------+----------------------
         Total | 100.0 | 100.0 |   N/A |   N/A | 100.0 |  22.0
       Dungeon | 100.0 | 100.0 |   N/A |   N/A | 100.0 |  22.0
               +-------+-------+-------+-------+-------+----------------------
